 Dungeon Crawl Stone Soup version 0.28-b1-1-g3c77fb2ed1 (webtiles) character file.

Game seed: 15905508308271858852

301 RascalDebosk the Conjurer (level 6, -6/48 HPs)
             Began as a Draconian Conjurer on Jan 30, 2022.
             Shot with an arrow by a centaur (7 damage)
             ... on level 4 of the Dungeon on Jan 31, 2022.
             The game lasted 01:01:07 (2642 turns).

RascalDebosk the Conjurer (Draconian Conjurer)      Turns: 2642, Time: 01:01:08

Health: -6/48      AC:  6    Str:  8 (9)  XL:     6   Next: 14%
Magic:  3/10       EV: 12    Int: 18 (21) God:
Gold:   160        SH:  0    Dex:  6 (9)  Spells: 7/10 levels left

rFire   . . .      SeeInvis .   c - +3 dagger (venom)
rCold   . . .      Faith    .   (no shield)
rNeg    . . .      Spirit   .   (armour unavailable)
rPois   .          Reflect  .   (helmet restricted)
rElec   .          Harm     .   (no cloak)
rCorr   .          Rampage  .   (no gloves)
Will    .....                   (no boots)
Stlth   ++........              d - amulet of regeneration
HPRegen 0.96/turn               (no ring)
MPRegen 0.12/turn               (no ring)

@: no status effects
A: AC +6, unfitting armour, cold-blooded
a: no special abilities


You were on level 4 of the Dungeon.
You visited 1 branch of the dungeon, and saw 4 of its levels.

You collected 160 gold pieces.

Inventory:

Hand Weapons
 c - a +3 dagger of venom (weapon)
 k - a +2 dagger of speed
Missiles
 a - 10 poisoned darts
Jewellery
 d - an amulet of regeneration (around neck)
Wands
 n - a wand of polymorph (11)
Potions
 f - a potion of haste
 j - 2 potions of heal wounds


   Skills:
 + Level 1.7 Fighting
 + Level 1.6 Short Blades
 + Level 2.6 Dodging
 + Level 2.7 Stealth
 + Level 2.7 Spellcasting
 * Level 4.9 Conjurations
 * Level 2.3 Hexes


You had 7 spell levels left.
You knew the following spells:

 Your Spells              Type           Power      Damage    Failure   Level
a - Magic Dart            Conj           80%        1d7       2%          1
b - Searing Ray           Conj           40%        2d5       3%          2

Your spell library contained the following spells:

 Spells                   Type           Power      Damage    Failure   Level
 Dazzling Flash           Conj/Hex       30%        N/A       12%         3
 Animate Skeleton         Necr           4%         N/A       17%         1
 Apportation              Tloc           4%         N/A       17%         1
 Summon Small Mammal      Summ           8%         N/A       17%         1
 Portal Projectile        Hex/Tloc       12%        N/A       30%         3
 Summon Guardian Golem    Hex/Summ       6%         N/A       30%         3
 Fulminant Prism          Conj/Hex       7%         3d7       36%         4
 Call Canine Familiar     Summ           2%         N/A       45%         3
 Iskenderun's Mystic Bla  Conj/Tloc      11%        2d4       52%         4
 Leda's Liquefaction      Hex/Erth       3%         N/A       71%         4
 Alistair's Intoxication  Tmut/Pois      1%         N/A       99%         5
 Orb of Destruction       Conj           10%        9d6       100%        7
 Spellforged Servitor     Conj/Summ      5%         N/A       100%        7


Dungeon Overview and Level Annotations

Branches:
Dungeon (4/15)
 Temple: D:4-7

Altars:


Innate Abilities, Weirdness & Mutations

Your plain brown scales are hard. (AC +6)
You cannot fit into any form of body armour.
You are cold-blooded and may be slowed by cold attacks.


Message History

You kill the ball python!
A centaur comes into view.
Found a stone staircase leading up.
The centaur shouts!
The centaur wields a +0 shortbow.
The centaur shoots an arrow.
The arrow hits you!
Aiming: Magic Dart (safe; 2% risk of failure)
Press: ? - help, Q - select action, (/) - cycle Shift-Dir - straight line, f - centaur
Aim: a centaur, wielding a +0 shortbow and quivering arrows (100% to hit)
The magic dart hits the centaur.
The centaur is lightly wounded.
The centaur shoots an arrow.
The arrow hits you!
The centaur shoots an arrow.
The arrow misses you.
The centaur shoots an arrow.
The arrow barely misses you.
Casting: Magic Dart (safe; 2% risk of failure)
Confirm with . or Enter, or press ? or * to list all spells.
Aiming: Searing Ray (safe; 3% risk of failure)
Press: ? - help, Shift-Dir - straight line, f/p - centaur
Aim: a centaur, wielding a +0 shortbow and quivering arrows (lightly wounded, 87% to hit)
The searing ray hits the centaur.
The centaur is moderately wounded. (Press . to maintain the ray.)
The centaur shoots an arrow.
The arrow hits you.
The centaur shoots an arrow.
The arrow hits you!
The searing ray hits the centaur.
The centaur is heavily wounded.
The centaur shoots an arrow.
The arrow hits you!
* * * LOW HITPOINT WARNING * * *
Casting: Searing Ray (safe; 3% risk of failure)
Confirm with . or Enter, or press ? or * to list all spells.
Restarting spell: Searing Ray (safe; 3% risk of failure)
Press: ? - help, Shift-Dir - straight line, f/p - centaur
Aim: a centaur, wielding a +0 shortbow and quivering arrows (heavily wounded, 87% to hit)
The searing ray hits the centaur but does no damage.
The centaur is heavily wounded. (Press . to maintain the ray.)
The centaur shoots an arrow.
The arrow hits you!
* * * LOW HITPOINT WARNING * * *
The centaur shoots an arrow.
The arrow hits you!
You die...

#.... #.#.# ###
#.#.# #>. #.#.#
#.# #.#.# #.#
#.#.# #.#
#.#.#####†#
#.........#
###@#####.#
#.####..#######
...............
#..####...#..###
#.c# ##.##...#
#..#####.# . ...
#........#.# ##
#.#####.>#.#
#....#


You could see a centaur.

Vanquished Creatures
  Sigmund (D:4)
  Terence (D:3)
  3 adders
  An ufetubus (D:2)
  2 adder skeletons
  2 worms
  5 orcs
  6 ball pythons
  A bat skeleton (D:2)
  11 endoplasms
  4 giant cockroaches
  6 goblins
  8 hobgoblins
  5 jackals
  3 quokkas
  A ball python skeleton (D:2)
  2 ball python zombies (D:2)
  2 bats
  6 frilled lizards
  A jackal zombie (D:2)
  4 kobolds
  2 rats
77 creatures vanquished.

Notes
Turn   | Place    | Note
-------+----------+-------------------------------------------
     0 | D:1      | RascalDebosk the Draconian Conjurer began the quest for the
                  | Orb.
     0 | D:1      | Reached XP level 1. HP: 14/14 MP: 3/3
   326 | D:1      | Reached XP level 2. HP: 20/20 MP: 3/5
   502 | D:1      | Learned a level 2 spell: Searing Ray
   865 | D:2      | Reached XP level 3. HP: 27/27 MP: 6/6
  1039 | D:2      | Reached skill level 1 in Hexes
  1585 | D:3      | Reached skill level 1 in Fighting
  1585 | D:3      | Reached XP level 4. HP: 35/35 MP: 1/7
  1854 | D:3      | Noticed Terence
  1894 | D:3      | Killed Terence
  1895 | D:3      | Reached skill level 1 in Short Blades
  2079 | D:3      | Reached XP level 5. HP: 40/40 MP: 4/8
  2210 | D:4      | Noticed Sigmund
  2467 | D:4      | Killed Sigmund
  2468 | D:4      | Reached XP level 6. HP: 28/48 MP: 0/10
  2642 | D:4      | HP: 1/48 [centaur/arrow (9)]
  2642 | D:4      | Shot with an arrow by a centaur

Illustrated notes

Levels and vault maps discovered:
D:1:      amcnicky_arrival_gap_in_the_tavern_cellar, layout_loops_ring
D:2:      layout_basic, serial_undead, serial_undead_a, serial_undead_c,
          serial_undead_d, serial_undead_b
D:3:      layout_basic, kennysheep_generic_room_11, uniq_terence
D:4:      layout_loops_ring, gammafunk_ghost_split, uniq_sigmund,
          uniq_blork_the_orc

Skill      XL: |  1  2  3  4  5 |
---------------+----------------+-----
Stealth        | 2 |  2.7
Dodging        | 2 |  2.6
Hexes          | 1 2 |  2.3
Fighting       | 1 |  1.7
Short Blades   | 1 |  1.6
Spellcasting   | |  2.7
Conjurations   | |  4.9

Action                   |  1- 3 |  4- 6 || total
-------------------------+-------+-------++-------
Melee: Dagger            |    78 |    69 ||   147
       Tailslap          |    13 |     7 ||    20
 Cast: Magic Dart        |    64 |    26 ||    90
       Searing Ray       |     3 |     9 ||    12
  Use: Scroll            |       |     5 ||     5
       Potion            |       |     4 ||     4
 Stab: Sleeping          |     1 |     3 ||     4
Armor: Skin              |    26 |    20 ||    46
Dodge: Dodged            |    45 |    38 ||    83
